 Dungeon Crawl Stone Soup version 0.20-a0-738-gb057e68 (webtiles) character file.

97 nono the Cutter (level 4, 0/21 HPs)
             Began as a Vine Stalker Arcane Marksman on Feb 23, 2017.
             Slain by a goblin
             ... wielding a +0 club
             ... led by Robin
              (1 damage)
             ... on level 2 of the Dungeon.
             The game lasted 00:03:39 (1675 turns).

nono the Cutter (Vine Stalker Arcane Marksman)      Turns: 1675, Time: 00:03:40

Health: 0/21       AC:  1    Str: 14    XL:     4   Next: 68%
Magic:  0/7        EV: 12    Int: 13    God:
Gold:   129        SH:  0    Dex: 12    Spells: 2/5 levels left

rFire    . . .     SeeInvis .   r - +3 mace
rCold    . . .     Gourm    .   a - +0 robe
rNeg     . . .     Faith    .   (no shield)
rPois    .         Spirit   +   (helmet restricted)
rElec    .         Reflect  .   (no cloak)
rCorr    .         Harm     .   (no gloves)
MR       .....                  (no boots)
Stlth    ++........             (no amulet)
Regen    0.5/turn               (no ring)
MPRegen  0.1/turn               (no ring)

@: no status effects
A: fangs 2, horns 1, clumsy 1, deformed body, high mp 1, regeneration 1, magic
shield, antimagic bite, no potion heal 3, rot immunity
a: no special abilities


You were on level 2 of the Dungeon.
You were hungry.

You visited 1 branch of the dungeon, and saw 2 of its levels.

You collected 129 gold pieces.

Inventory:

Hand Weapons
 i - a +0 short sword
 l - a +0 dagger
 r - a +3 mace (weapon)
Missiles
 c - 5 javelins (quivered)
 d - 2 throwing nets
Armour
 a - a +0 robe (worn)
Jewellery
 p - an uncursed ring of see invisible {unknown}
Scrolls
 g - a scroll of magic mapping {unknown}
 j - 3 scrolls of identify {unknown}
 k - 2 scrolls of teleportation {unknown}
 n - 2 scrolls of enchant weapon {unknown}
 q - a scroll of remove curse {unknown}
Potions
 e - a potion of mutation
 h - a potion of ambrosia {unknown}
Books
 b - a book of Debilitation

   Spells                             Type                      Level
   a - Corona                         Hexes                        1
   b - Slow                           Hexes                        2
   c - Inner Flame                    Hexes/Fire                   3
   d - Portal Projectile              Hexes/Translocation          3
   e - Cause Fear                     Hexes                        4
   f - Leda's Liquefaction            Hexes/Earth                  4
 o - a book of Changes

   Spells                             Type                      Level
   a - Beastly Appendage              Transmutation                1
   b - Sticks to Snakes               Transmutation                2
   c - Spider Form                    Transmutation/Poison         3
   d - Ice Form                       Ice/Transmutation            4
   e - Blade Hands                    Transmutation                5
Comestibles
 f - 3 bread rations


   Skills:
 - Level 0.8 Fighting
 + Level 3.1 Short Blades
 - Level 1.7 Throwing
 - Level 1.5 Dodging
 - Level 1.6 Stealth
 - Level 1.4 Unarmed Combat
 - Level 1.1 Spellcasting
 - Level 3.0 Hexes


You had 2 spell levels left.
You knew the following spells:

 Your Spells              Type           Power        Failure   Level  Hunger
a - Corona                Hex            #......      10%         1    ##.....
b - Slow                  Hex            #.......     14%         2    ###....


Dungeon Overview and Level Annotations

Branches:
Dungeon (2/15)

Altars:


Innate Abilities, Weirdness & Mutations

You have extremely sharp teeth.
Your natural rate of healing is unusually fast.
When hurt, damage is shared between your health and your magic reserves.
Your bite disrupts and absorbs the magic of your enemies.
Potions cannot restore your health.
You are immune to rotting.
You have a pair of small horns on your head.
You are clumsy. (Dex -2)
Armour fits poorly on your strangely shaped body.
You have an increased reservoir of magic. (+10% MP)


Message History

The goblin hits you but does no damage.
Robin roars a battlecry!
You hear a shout! x4
It was a potion of mutation.
You feel extremely strange.
Your body twists and deforms.
You feel clumsy. A pair of horns grows on your head!
You feel more energetic.
The goblin no longer looks unusually strong.
The hobgoblin no longer looks unusually strong.
The goblin hits you with a hunting sling.
* * * LOW HITPOINT WARNING * * *
Robin roars a battlecry!
The goblins go into a battle-frenzy!
You hear a shout!
You sock Robin!
You kill Robin!
Your Short Blades skill increases to level 3!
The goblin hits you with a hunting sling.
* * * LOW HITPOINT WARNING * * *
The goblin hits you with a club.
You die... ... ..g #gg

#g# #.# #g# #.#
#####g####
#####.g@gg(..#
#...(.###.##.##
#.###(........#
#.....##..#
#####.##..#
##...#..#######
#.............#
##...##.#####.#
##.###.#


You could see a hobgoblin and 3 goblins.

Vanquished Creatures
  Natasha (twice) (D:2)
  Robin (D:2)
  2 dart slugs (D:1)
  A leopard gecko (D:2)
  A ball python (D:1)
  8 goblins
  3 hobgoblins
  3 jackals (D:2)
  3 bats
  A frilled lizard (D:1)
  4 kobolds
  5 rats
34 creatures vanquished.

Vanquished Creatures (others)
  A rat (D:1)
1 creature vanquished.

Grand Total: 35 creatures vanquished

Notes
Turn   | Place    | Note
-------+----------+-------------------------------------------
     0 | D:1      | nono the Vine Stalker Arcane Marksman began the quest for the Orb.
     0 | D:1      | Reached XP level 1. HP: 9/9 MP: 3/3
   115 | D:1      | Reached skill level 1 in Stealth
   177 | D:1      | Reached skill level 1 in Unarmed Combat
   177 | D:1      | Reached XP level 2. HP: 6/14 MP: 2/4
  1208 | D:1      | Reached skill level 1 in Short Blades
  1208 | D:1      | Reached XP level 3. HP: 17/17 MP: 5/5
  1382 | D:2      | Learned a level 2 spell: Slow
  1552 | D:2      | Noticed Natasha
  1555 | D:2      | Killed Natasha
  1555 | D:2      | Gained mutation: Your natural rate of healing is unusually fast. [Vine Stalker growth]
  1555 | D:2      | Reached XP level 4. HP: 21/21 MP: 6/6
  1572 | D:2      | Noticed Natasha
  1585 | D:2      | Killed Natasha
  1662 | D:2      | Noticed Robin
  1674 | D:2      | Gained mutation: Armour fits poorly on your strangely shaped body. [potion of mutation]
  1674 | D:2      | Gained mutation: You are clumsy. (Dex -2) [potion of mutation]
  1674 | D:2      | Gained mutation: You have a pair of small horns on your head. [potion of mutation]
  1674 | D:2      | Gained mutation: You have an increased reservoir of magic. (+10% MP) [potion of mutation]
  1675 | D:2      | Killed Robin
  1675 | D:2      | HP: 1/21 [goblin/hunting sling[Robin] (2)]
  1675 | D:2      | Slain by a goblin

Vault maps used:
D:1:      shiori_arrival_oz
D:2:      first_bread, uniq_robin, uniq_natasha, uniq_crazy_yiuf_cottage

Skill      XL: |  1  2  3  4 |
---------------+-------------+-----
Stealth        | 1 |  1.6
Unarmed Combat | 1 |  1.4
Short Blades   | 1 2 3 |  3.1
Fighting       | |  0.8
Throwing       | |  1.7
Dodging        | |  1.5
Spellcasting   | |  1.1
Hexes          | |  3.0

Action                   |  1- 3 |  4- 6 || total
-------------------------+-------+-------++-------
Melee: Unarmed           |    60 |       ||    60
       Bite              |    29 |     9 ||    38
       Short sword       |    25 |       ||    25
       Dagger            |    19 |       ||    19
       Punch             |     1 |       ||     1
       Mace              |     2 |    29 ||    31
Throw: Javelin           |     2 |       ||     2
       Throwing net      |       |     1 ||     1
  Use: Potion            |       |     1 ||     1
 Stab: Sleeping          |     5 |       ||     5
  Eat: Chunk             |     2 |       ||     2
Armor: Robe              |    24 |     5 ||    29
Dodge: Dodged            |    75 |    26 ||   101
